 Dungeon Crawl Stone Soup version 0.31-a0-344-gd109795599 (webtiles) character file.

Game seed: 6608422032396067144

29 GordonOverkill the Sneak (level 3, -4/29 HPs)
             Began as a Mummy Delver on July 22, 2023.
             Killed from afar by an orc wizard (13 damage)
             ... with a puff of flame
             ... on level 6 of the Dungeon.
             The game lasted 00:02:27 (472 turns).

GordonOverkill the Sneak (Mummy Delver)              Turns: 472, Time: 00:02:27

Health: -4/29      AC:  3    Str: 15    XL:     3   Next: 1%
Magic:  6/6        EV: 11    Int: 11    God:
Gold:   0          SH:  0    Dex: 13    Spells: 6/6 levels left

rFire   x . .        a - +0 mace
rCold   + . .        (no shield)
rNeg    + + +        b - +0 leather armour
rPois   ∞            (no helmet)
rElec   .            (no cloak)
rCorr   .            (no gloves)
SInv    .            (no boots)
Will    .....        (no amulet)
Stlth   +            (no ring)
HPRegen 0.24/turn    (no ring)
MPRegen 0.10/turn

%: faith
@: confused
A: cold resistance 1, negative energy resistance 3, torment resistance 2, heat
vulnerability 1, in touch with death 1, no potions, faith
a: no special abilities


You were on level 6 of the Dungeon.
You visited 1 branch of the dungeon, and saw 2 of its levels.

Inventory:

Hand Weapons
 a - a +0 mace (weapon)
 g - a +0 sling
Armour
 b - a +0 leather armour (worn)
Wands
 f - a wand of digging (3)
Scrolls
 c - a scroll of fog
 d - a scroll of revelation
 e - a scroll of fear


   Skills:
 - Level 3.0 Fighting
 - Level 1.5 Maces & Flails
 - Level 1.5 Dodging
 + Level 4.5 Stealth
 + Level 2.2 Spellcasting


You had 6 spell levels left.
You didn't know any spells.
Your spell library was empty.

Dungeon Overview and Level Annotations

Branches:
Dungeon (6/15)
 Temple: D:4-7

Altars:

Annotations:
D:5 exclusion: phantom


Innate Abilities, Weirdness & Mutations

You are immune to poison.
Your flesh is cold resistant. (rC+)
You are immune to negative energy. (rN+++)
You are immune to unholy pain and torment.
You are vulnerable to heat. (rF-)
You are in touch with the powers of death.
You do not drink.
You have a special connection with the divine. (Faith)


Message History

You hit the orc wizard.
The orc wizard is almost dead.
The orc wizard misses you. x2
You barely miss the orc wizard.
The orc wizard is almost dead.
The orc wizard barely misses you.
You hit the orc wizard but do no damage.
The orc wizard is almost dead.
The orc wizard hits you with a +0 dagger.
You completely miss the orc wizard.
The orc wizard is almost dead.
The orc wizard hits you but does no damage.
The orc wizard hits you with a +0 dagger.
* * * LOW HITPOINT WARNING * * *
You hit the orc wizard but do no damage.
The orc wizard is almost dead.
The orc wizard casts a spell.
The orc wizard flickers and vanishes!
Deactivating autopickup; reactivate with Ctrl-A.
You barely miss something. You punch something.
Something hits you but does no damage.
You hear some strange, mumbled words.
A puff of flame appears from out of thin air!
The puff of flame hits you! The fire burns you terribly!
* * * LOW HITPOINT WARNING * * *
You miss something. Something hits you but does no damage.
You barely miss something. Something hits you.
* * * LOW HITPOINT WARNING * * *
You miss something. Something hits you.
* * * LOW HITPOINT WARNING * * *
You hear some strange, mumbled words.
You are confused.
Something hits you.
* * * LOW HITPOINT WARNING * * *
You closely miss something. Something hits you but does no damage.
You bump into the rock wall.
You hear some strange, mumbled words.
A puff of flame appears from out of thin air!
The puff of flame hits you! The fire burns you terribly!
You die...

# # .###...... #
........ .
......# .....# .
....#
#..####...###.##
.>.[.....)......
.......@{.......
.####+#######.##


There were no monsters in sight!

Vanquished Creatures
  2 adders
  An ufetubus (D:5)
  2 orcs
  A quokka (D:5)
6 creatures vanquished.

Notes
Turn   | Place    | Note
-------+----------+-------------------------------------------
     0 | D:5      | GordonOverkill the Mummy Delver began the quest for the
                  | Orb.
     0 | D:5      | Reached XP level 1. HP: 18/18 MP: 1/1
    20 | D:6      | Reached skill level 1 in Spellcasting
    20 | D:6      | Reached XP level 2. HP: 23/24 MP: 2/4
    32 | D:6      | Noticed an ice beast
   270 | D:5      | Noticed a phantom
   358 | D:6      | Gained mutation: You are in touch with the powers of death.
                  | [Mummy growth]
   358 | D:6      | Reached XP level 3. HP: 27/29 MP: 6/6
   472 | D:6      | Killed from afar by an orc wizard

Illustrated notes

Levels and vault maps discovered:
D:5:      layout_cave_pods, okawaru_metal_pillars_1_2
D:6:      nicolae_cairo_tiling_very_big, layout_basic,
          kiku_gazebo_garden_becter, hangedman_abyss_or_decor_stagger,
          nicolae_elemental_shop

Skill      XL: |  1  2 |
---------------+-------+-----
Spellcasting   | 1 2 |  2.2
Fighting       | |  3.0
Maces & Flails | |  1.5
Dodging        | |  1.5
Stealth        | |  4.5

Action                     || total
---------------------------++-------
  Melee: Mace              ||    47
         Punch             ||     1
   Fire: Sling             ||     8
 Armour: Leather armour    ||    16
  Dodge: Dodged            ||    31

Table legend: (Time is in decaauts)
 A = Elapsed time spent in this place.
 B = Non-inter-level travel time spent in this place.
 C = Inter-level travel time spent in this place.
 D = Time resting spent in this place.
 E = Time spent auto-exploring this place.
 F = Levels seen in this place.
 G = Mean time per level.
                   A        B        C        D        E       F      G
               +--------+--------+--------+--------+--------+-----+--------+
         Total |    491 |    491 |      0 |    163 |      0 |   2 |  245.5 |
       Dungeon |    491 |    491 |      0 |    163 |      0 |   2 |  245.5 |
               +--------+--------+--------+--------+--------+-----+--------+

Top non-repeatable levels by time:
     D:5: 382 daAuts
     D:6: 109 daAuts
